 Dungeon Crawl Stone Soup version 0.32-a0-779-g362cfcae2a (webtiles) character file.

Game seed: 2634217863122817747

29 zenocrate the Sneak (level 3, 0/23 HPs)
             Began as an Octopode Earth Elementalist on Mar 19, 2024.
             Slain by a gnoll
             ... wielding a +0 club
              (6 damage)
             ... on level 1 of the Dungeon.
             The game lasted 00:01:39 (1052 turns).

zenocrate the Sneak (Octopode Earth Elementalist)   Turns: 1052, Time: 00:01:39

Health: 0/23       AC:  1    Str:  9    XL:     3   Next: 16%
Magic:  6/6        EV: 12    Int: 17    God:
Gold:   36         SH:  0    Dex: 12    Spells: 5/6 levels left

rFire   . .          .
                       - Unarmed
rCold   . . .        (no shield)
rNeg    . . .        (helmet restricted)
rPois   .            (no amulet)
rElec   .            c - ring of resist corrosion
rCorr   +            (no ring)
SInv    .            (no ring)
Will    .....        (no ring)
Stlth   +++          (no ring)
HPRegen 0.23/turn    (no ring)
MPRegen 0.10/turn    (no ring)
                     (no ring)

%: no passive effects
@: no status effects
A: almost no armour, amphibious, 8 rings, camouflage 1, gelatinous body 1,
(nimble swimmer 1), tentacles
a: no special abilities


You were on level 1 of the Dungeon.
You visited 1 branch of the dungeon, and saw 2 of its levels.

You collected 36 gold pieces.

Inventory:

Missiles
 m - 2 throwing nets
Armour
 i - an orb of energy
Magical Staves
 k - a staff of cold
Jewellery
 c - a ring of resist corrosion (left tentacle)
Scrolls
 d - a scroll of revelation {unknown}
 e - a scroll of summoning {unknown}
 f - a scroll of fear {unknown}
 j - a scroll of immolation {unknown}
Potions
 a - a potion of magic
 b - a potion of ambrosia {unknown}
 g - a potion of invisibility {unknown}
 h - a potion of cancellation {unknown}
 l - a potion of curing {unknown}


   Skills:
 + Level 1.0 Fighting
 * Level 2.5 Dodging
 + Level 3.3 Stealth
 + Level 1.1 Unarmed Combat
 - Level 2.0 Spellcasting
 - Level 1.0 Conjurations
 - Level 3.0 Earth Magic


You had 5 spell levels left.
You knew the following spells:

 Your Spells              Type           Power      Damage    Failure   Level
a - Sandblast             Erth           22%        2d7       5%          1

Your spell library contained the following spells:

 Spells                   Type           Power      Damage    Failure   Level
 Passwall                 Erth           11%        N/A       17%         3
 Stone Arrow              Conj/Erth      16%        3d8       26%         3
 Call Canine Familiar     Summ           1%         N/A       50%         3
 Sigil of Binding         Hex            1%         N/A       50%         3
 Brom's Barrelling Bould  Conj/Erth      8%         2d3       63%         4
 Petrify                  Alch/Erth      6%         N/A       71%         4
 Dimensional Bullseye     Hex/Tloc       0%         N/A       88%         4


Dungeon Overview and Level Annotations

Branches:
Dungeon (2/15)

Altars:


Innate Abilities, Weirdness & Mutations

You cannot wear most types of armour.
You are amphibious.
You can wear up to eight rings at the same time.
Your skin changes colour to match your surroundings (Stealth+).
Your rubbery body absorbs attacks. (AC +1, EV +1)
((You are camouflaged when in or above water. (Stealth+)))
You have tentacles for arms and can constrict up to eight enemies at once.


Message History

There is a stone staircase leading up here.
Casting: Sandblast (safe; 5% risk of failure)
Confirm with . or Enter, or press ? or * to list all spells.
Aiming: Sandblast (safe; 5% risk of failure)
Press: ? - help, Shift-Dir - straight line, f - gnoll
Aim: a gnoll, wielding a +0 club (84% to hit)
The blast of sand hits the gnoll.
The gnoll is heavily wounded.
The gnoll hits you but does no damage.
The gnoll hits you from afar with a +0 spear.
You climb upwards.
There is a stone staircase leading down, spattered with blood here.
You tentacle-slap the gnoll but do no damage.
You grab the gnoll.
You squeeze the gnoll, but do no damage.
The gnoll is heavily wounded.
You constrict the gnoll. The gnoll closely misses you.
You tentacle-slap the gnoll but do no damage.
The gnoll is severely wounded.
You constrict the gnoll.
You kill the gnoll!
Your Fighting skill increases to level 1!
You have reached level 3!
Your experience leads to an increase in your attributes!
Increase (S)trength, (I)ntelligence, or (D)exterity?
You feel stronger. x2
You start resting.
Magic restored.
You climb downwards.
The gnoll hits you with a +0 club. The gnoll hits you with a +0 club!
There is a stone staircase leading up, spattered with blood here.
The gnoll closely misses you. The gnoll hits you with a +0 club.
* * * LOW HITPOINT WARNING * * *
You climb upwards.
There is a stone staircase leading down, spattered with blood here.
Unknown command.
Unknown command.
You tentacle-slap the gnoll but do no damage.
You grab the gnoll. You constrict the gnoll. The gnoll hits you with a +0 club.
You die...

..........#+###.......#.###.....#
....#.....#.# #.......#.#........
..........#.# #.......#.#+#.#.#..
..........#.# #.......#.......#.#
....#.....#.# #.......#.....#.#.#
....#.....#.###.......#.....#.#+#
#####.....'...#...รท...#...(......
..###.....#......)...............
................@................
..#####.###....).g...........#...
........# #######................
...##############......#.....#...
##.#...................#.....#...
#.#.###########.......#.....####
#.#.##........#.......#.....#
#.#.##.######.#.......#.....#
#.#.#...........#.###########


You could see a gnoll.

Vanquished Creatures
  2 gnolls (D:1)
  4 bats (D:1)
  An endoplasm (D:1)
  A giant cockroach (D:1)
  2 jackals (D:1)
  A ball python (D:1)
11 creatures vanquished.

Notes
Turn   | Place    | Note
-------+----------+-------------------------------------------
     0 | D:1      | zenocrate the Octopode Earth Elementalist began the quest
                  | for the Orb.
     0 | D:1      | Reached XP level 1. HP: 11/11 MP: 3/3
   454 | D:1      | Reached XP level 2. HP: 18/18 MP: 5/5
   952 | D:1      | Reached skill level 1 in Unarmed Combat
  1033 | D:1      | Reached skill level 1 in Fighting
  1033 | D:1      | Reached XP level 3. HP: 18/23 MP: 4/6
  1052 | D:1      | Slain by a gnoll

Illustrated notes

Levels and vault maps discovered:
D:1:      doesnt_arrival_eight_statues, layout_basic
D:2:      layout_loops_ring, shapermc_ecumenical_altar_acropolis,
          minmay_diced_spiral, uniq_robin, uniq_natasha, uniq_sigmund,
          uniq_crazy_yiuf_cottage

Skill      XL: |  1  2 |
---------------+-------+-----
Stealth        | 3 |  3.3
Unarmed Combat | 1 |  1.1
Fighting       | 1 |  1.0
Dodging        | |  2.5
Spellcasting   | |  2.0
Conjurations   | |  1.0
Earth Magic    | |  3.0

Action                     || total
---------------------------++-------
  Melee: Unarmed           ||    29
         Constrict         ||    10
         Tentacles         ||     6
   Cast: Sandblast         ||     6
   Stab: Sleeping          ||     2
 Armour: Skin              ||    26
  Dodge: Dodged            ||    20

Table legend: (Time is in decaauts)
 A = Elapsed time spent in this place.
 B = Non-inter-level travel time spent in this place.
 C = Inter-level travel time spent in this place.
 D = Time resting spent in this place.
 E = Time spent auto-exploring this place.
 F = Levels seen in this place.
 G = Mean time per level.
                   A        B        C        D        E       F      G
               +--------+--------+--------+--------+--------+-----+--------+
         Total |   1056 |   1021 |     35 |     15 |    884 |   2 |  528.0 |
       Dungeon |   1056 |   1021 |     35 |     15 |    884 |   2 |  528.0 |
               +--------+--------+--------+--------+--------+-----+--------+

Top non-repeatable levels by time:
     D:1: 1044 daAuts
     D:2: 11 daAuts
